Map: Nightshade LE

Players

ViBE - Winner!

  • Race: Zerg Zerg
  • League: Silver
  • Spawn Location: 11:00

Helical

  • Race: Zerg Zerg
  • League: Gold
  • Spawn Location: 5:00

VOD

Have the link to the VOD?

Description

Time

  • Played on: Dec. 7, 2019, 5:10 p.m.
  • Length: 11:33
Show
View Real Time Build Order
Export as new Build Order

ViBE Zerg - Winner!

Build Orders: Hatch First 

Get SALT Encoding   

  12  0:00  Drone  
  13  0:14  Overlord  
  13  0:17  Drone  
  14  0:33  Drone x2  
  16  0:49  Hatchery  
  15  0:53  Drone  
  15  0:56  Drone  
  17  0:59  Drone  
  18  1:14  Spawning Pool  
  18  1:17  Drone  
  18  1:21  Drone  
  19  1:30  Drone  
  19  1:32  Extractor  
  19  1:42  Overlord  
  19  1:57  Drone  
  20  2:01  Queen x2  
  20  2:03  Drone x2  
  26  2:16  Drone x2  
  28  2:29  Overlord  
  28  2:34  Drone x2  
  30  2:38  Drone  
  30  2:39  Lair  
  30  2:40  Queen  
  34  2:51  Drone x2  
  34  2:56  Overlord  
  35  3:05  Drone  
  36  3:09  Drone x2  
  38  3:14  Overlord  
  38  3:17  Drone x5  
  43  3:25  Hatchery  
  43  3:27  Drone x2  
  44  3:35  Roach Warren, Drone  
  44  3:40  Drone, Evolution Chamber  
  44  3:47  Drone x4  
  48  3:50  Extractor  
  48  3:52  Extractor  
  46  3:56  Drone  
  46  3:57  Drone x3  
  50  4:05  Overlord  
  50  4:08  Overlord  
  50  4:17  Roach  
  50  4:18  Roach x4  
  60  4:25  Roach x3  
  60  4:30  Queen  
  68  4:37  Drone x3  
  71  4:40  Glial Reconstitution  
  71  4:41  Zerg Missile Weapons Level 1  
  71  4:50  Overlord x2  
  71  4:51  Drone x2  
  73  4:59  Drone x3  
  76  5:02  Hydralisk Den  
  76  5:06  Evolution Chamber  
  74  5:08  Drone  
  74  5:09  Drone x5  
  80  5:14  Extractor  
  80  5:17  Overlord  
  79  5:25  Drone x6  
  85  5:35  Hatchery  
  84  5:37  Zerg Ground Armor Level 1  
  84  5:38  Grooved Spines  
  84  5:49  Drone x4  
  92  5:50  Drone x5  
  92  5:54  Extractor x2  
  91  6:05  Drone x11  
  102  6:18  Overlord x4  
  102  6:23  Overlord  
  102  6:29  Hatchery  
  101  6:36  Zerg Missile Weapons Level 2  
  101  6:39  Drone x4  
  105  6:40  Drone  
  105  6:44  Hydralisk, Overlord x3  
  105  6:45  Hydralisk x3  
  114  6:58  Hydralisk x7  
  114  6:59  Hydralisk  
  130  7:07  Overlord x2  
  130  7:17  Hydralisk  
  130  7:18  Extractor, Hydralisk x3  
  130  7:20  Extractor  
  130  7:21  Overlord x2  
  136  7:36  Overlord  
  136  7:38  Hydralisk x5  
  146  7:50  Hydralisk x4  
  146  7:51  Hydralisk x7  
  168  8:00  Hydralisk  
  168  8:01  Hydralisk x3  
  176  8:06  Zerg Ground Armor Level 2  
  176  8:10  Infestation Pit  
  175  8:13  Drone  
  175  8:15  Hydralisk x3  
  175  8:16  Hydralisk x2  
  186  8:23  Muscular Augments  
  186  8:41  Hydralisk x7  
  200  8:59  Hive  
  200  9:28  Hatchery  
  199  9:31  Drone  
  180  9:42  Hydralisk x7  
  180  9:43  Hydralisk x16  
  176  9:56  Hydralisk x8  
  176  9:57  Hydralisk  
  194  10:07  Drone x3  
  194  10:08  Drone  
  190  10:20  Extractor  
  183  10:23  Extractor  
  182  10:31  Hydralisk x5  
  192  10:42  Hydralisk x4  
  190  10:43  Hydralisk  
  200  11:05  Hydralisk  
Show
View Real Time Build Order
Export as new Build Order

Helical Zerg 

Build Orders: Hatch First, Roach Hydra 

Get SALT Encoding   

  12  0:02  Drone  
  13  0:14  Drone  
  14  0:17  Overlord  
  14  0:25  Overlord  
  14  0:36  Drone x2  
  16  0:52  Drone  
  17  1:03  Hatchery  
  16  1:05  Drone  
  16  1:08  Drone  
  18  1:21  Extractor  
  18  1:22  Spawning Pool  
  16  1:26  Drone  
  17  1:35  Drone  
  18  1:40  Drone  
  19  1:50  Drone  
  20  2:03  Drone  
  21  2:11  Queen  
  21  2:12  Drone  
  21  2:15  Drone, Queen  
  27  2:23  Drone  
  27  2:26  Drone  
  29  2:33  Drone  
  30  2:37  Drone  
  31  2:45  Drone  
  32  2:52  Drone  
  32  2:55  Drone, Queen  
  32  2:57  Lair  
  36  3:02  Overlord  
  36  3:06  Overlord  
  36  3:14  Overlord  
  36  3:18  Overlord  
  36  3:21  Drone  
  36  3:22  Drone  
  36  3:23  Drone  
  36  3:24  Drone  
  40  3:27  Extractor  
  40  3:29  Extractor  
  40  3:33  Roach Warren  
  37  3:39  Evolution Chamber  
  37  3:40  Drone x2  
  38  3:49  Drone x2  
  38  3:50  Drone x2  
  38  3:51  Drone  
  38  3:53  Drone  
  44  4:00  Hatchery  
  44  4:02  Overlord  
  43  4:03  Drone  
  44  4:18  Drone x2  
  44  4:23  Glial Reconstitution  
  46  4:25  Zerg Ground Armor Level 1  
  46  4:26  Drone  
  46  4:28  Drone  
  48  4:31  Drone  
  48  4:32  Drone x5  
  54  4:44  Roach x2  
  58  4:58  Roach  
  58  4:59  Roach  
  62  5:08  Roach x2  
  66  5:17  Roach  
  66  5:18  Roach x2  
  72  5:30  Drone  
  72  5:31  Drone  
  72  5:34  Overlord x3  
  72  5:35  Overlord  
  74  5:40  Hatchery  
  73  5:48  Drone  
  74  5:51  Queen  
  74  5:52  Drone  
  74  5:53  Drone x2  
  74  5:56  Drone x2  
  81  5:58  Drone x2  
  81  5:59  Drone  
  81  6:02  Drone x3  
  81  6:03  Drone  
  89  6:04  Drone  
  89  6:09  Hydralisk Den  
  88  6:12  Roach x4, Infestation Pit  
  95  6:22  Drone x3  
  98  6:28  Extractor  
  98  6:29  Extractor  
  96  6:38  Drone x8  
  96  6:39  Drone x2  
  106  6:58  Drone x2  
  106  6:59  Drone x4  
  106  7:00  Overlord x3  
  106  7:01  Overlord x4  
  112  7:10  Grooved Spines  
  112  7:13  Zerg Missile Weapons Level 1  
  112  7:19  Evolution Chamber  
  111  7:33  Drone  
  111  7:35  Hydralisk  
  111  7:36  Hydralisk x6  
  111  7:37  Hydralisk x6  
  116  7:43  Extractor  
  137  7:45  Hatchery  
  136  7:53  Extractor  
  136  7:54  Extractor, Hydralisk x7  
  136  7:56  Overlord  
  148  7:58  Overlord  
  148  7:59  Drone  
  149  8:19  Hydralisk  
  151  8:20  Hydralisk x7  
  151  8:21  Muscular Augments  
  151  8:23  Overlord x4  
  151  8:24  Drone  
  166  8:29  Zerg Ground Armor Level 2  
  166  8:33  Overlord  
  166  8:34  Hydralisk x6  
  178  8:46  Drone x2  
  178  8:47  Drone x5  
  185  9:04  Hydralisk x2  
  185  9:05  Hydralisk x5  
  199  9:18  Extractor  
  199  9:20  Hydralisk  
  199  9:21  Extractor  
  168  9:40  Hydralisk x2  
  168  9:41  Hydralisk x16  
  168  9:42  Hydralisk  
  116  9:53  Hydralisk x4  
  116  10:02  Hydralisk  
  116  10:03  Hydralisk x3  
  105  10:17  Hydralisk  
  105  10:18  Hydralisk  
  91  10:22  Zergling x2  
  91  10:23  Zergling x20  
  86  10:40  Hydralisk x7  
  86  10:56  Hydralisk x6  
Tags
 
Add a new tag
Caveats
  • Supply blocks, unpowered buildings, or Contaminate may cause inaccurate times.
  • Supply counts are checked every 10 seconds.